 Dungeon Crawl Stone Soup version 0.31.0-10-gcf4a605ca0 (webtiles) character file.

Game seed: 9147552568213109374

87 Persephone the Changeling (level 4, -7/35 HPs)
             Began as a Draconian Shapeshifter on Jan 25, 2024.
             Killed by nerve-wracking pain
             ... invoked by Grinder
              (8 damage)
             ... on level 3 of the Dungeon.
             The game lasted 00:02:26 (1465 turns).

Persephone the Changeling (Draconian Shapeshifter)  Turns: 1465, Time: 00:02:27

Health: -7/35      AC:  5    Str: 18    XL:     4   Next: 28%
Magic:  4/4        EV: 15    Int: 10    God:
Gold:   41         SH:  7    Dex: 11    Spells: 3/3 levels left

rFire   . .          .
                       - Unarmed
rCold   . . .        f - +0 kite shield
rNeg    . . .        (body armour unavailable)
rPois   .            (helmet currently unavailable)
rElec   .            (cloak currently unavailable)
rCorr   .            (gloves currently unavailable)
SInv    .            (boots currently unavailable)
Will    .....        (no amulet)
Stlth   +            d - +5 ring of evasion
HPRegen 0.25/turn    (no ring)
MPRegen 0.09/turn

%: no passive effects
@: mighty, beast-form
A: beast (slay +2), AC +5, unfitting armour, cold-blooded
a: Begin Untransformation


You were on level 3 of the Dungeon.
You were a hulking beast.
You visited 1 branch of the dungeon, and saw 3 of its levels.

You collected 41 gold pieces.

Inventory:

Armour
 f - a +0 kite shield (worn)
Jewellery
 d - a +5 ring of evasion (left hand)
Talismans
 b - a beast talisman (active)
 c - a flux talisman
Scrolls
 e - a scroll of identify
 i - a scroll of enchant armour {unknown}
 j - a scroll of revelation {unknown}
Potions
 a - a potion of lignification
 h - a potion of berserk rage {unknown}


   Skills:
 - Level 1.1 Fighting
 - Level 1.7 Dodging
 + Level 1.3 Shields
 + Level 3.8 Unarmed Combat
 * Level 4.0 Shapeshifting


You had 3 spell levels left.
You didn't know any spells.
Your spell library was empty.

Dungeon Overview and Level Annotations

Branches:
Dungeon (3/15)

Altars:
Qazlal
Ru

Shops:
D:1 [

Annotations:
D:3 Grinder


Innate Abilities, Weirdness & Mutations

You are a hulking beast.
Your limbs bulge with bestial killing power. (Slay +2)
Your plain brown scales are hard. (AC +5)
You cannot fit into any form of body armour.
You are cold-blooded and may be slowed by cold attacks.


Message History

You see here a +0 robe.
There is a stone staircase leading up here.
Auto kill stopped - Too dangerous: Extremely Dangerous (1) Dangerous (0) Easy (0) Harmless (0) Grinder comes into view.
Grinder shouts!
You hear a shout!
You feel very mighty all of a sudden. Grinder gestures at you.
Pain shoots through your body!
A goblin comes into view. It is wielding a +0 dagger.
Grinder gestures at you.
You suddenly lose the ability to move!
A rat comes into view.
Grinder gestures at you.
You barely resist. Grinder hits you but does no damage. Grinder hits you.
You writhe in agony.
You can move again.
You closely miss Grinder. You block Grinder's attack.
You punch Grinder!
Grinder is moderately wounded.
Grinder barely misses you.
You punch Grinder!
Grinder is heavily wounded.
Grinder closely misses you.
You closely miss Grinder.
Grinder is heavily wounded.
Grinder hits you!
You writhe in agony.
* * * LOW HITPOINT WARNING * * *
You punch Grinder!
Grinder is almost dead.
Grinder closely misses you.
You punch Grinder!
Grinder is almost dead.
Grinder gestures at you. Pain shoots through your body!
* * * LOW HITPOINT WARNING * * *
Grinder gestures at you. Pain shoots through your body!
You die...
Grinder sighs, "Dead already?
I want a refund."

.<.####......#
.............#
#>..<...[[#
###..###.##
##...##.##
####..####..##
###....##
##...
#####...####
#### #g5h..###
########
#..r#####
#....... #...#
#....)..
..#####
###....... .
#..###
###.....####
#....#
##...##### #
#._..# #....#
#
#....####...##
#
#..#......###
#


You could see Grinder, a goblin and a rat.

Vanquished Creatures
  Jessica (D:2)
  An adder (D:2)
  3 ribbon worms (D:2)
  A dart slug (D:1)
  5 bats (D:1)
  3 endoplasms
  3 goblins
  8 hobgoblins
  2 jackals (D:1)
  A quokka (D:2)
  2 ball pythons
  2 frilled lizards
  4 kobolds
  3 rats (D:1)
39 creatures vanquished.

Notes
Turn   | Place    | Note
-------+----------+-------------------------------------------
     0 | D:1      | Persephone the Draconian Shapeshifter began the quest for
                  | the Orb.
     0 | D:1      | Reached XP level 1. HP: 16/16 MP: 1/1
    95 | D:1      | Reached XP level 2. HP: 23/23 MP: 2/2
   271 | D:1      | Found Muocku's Antique Armour Emporium.
   766 | D:2      | Noticed Jessica
   768 | D:2      | Reached XP level 3. HP: 28/28 MP: 3/3
   784 | D:2      | Killed Jessica
   785 | D:2      | Reached skill level 1 in Shields
   965 | D:2      | Reached XP level 4. HP: 26/35 MP: 4/4
  1038 | D:2      | Found a stormy altar of Qazlal.
  1137 | D:2      | Reached skill level 4 in Shapeshifting
  1386 | D:3      | Found a sacrificial altar of Ru.
  1452 | D:3      | Noticed Grinder
  1456 | D:3      | Paralysed by Grinder for 4 turns
  1465 | D:3      | HP: 1/35 [Grinder/nerve-wracking pain (8)]
  1465 | D:3      | Killed from afar by Grinder

Illustrated notes

Levels and vault maps discovered:
D:1:      lightli_arrival_maybe_door_vault, layout_loops_cross, serial_shops,
          shop, minmay_misc_feat_tiny
D:2:      layout_basic, basic_altar, uniq_jessica
D:3:      layout_rooms, mainiacjoe_overflow_alcove_1, kennysheep_small_spiral,
          uniq_grinder

Skill      XL: |  1  2  3  4 |
---------------+-------------+-----
Shields        | 1 |  1.3
Shapeshifting  | 4 |  4.0
Fighting       | |  1.1
Dodging        | |  1.7
Unarmed Combat | |  3.8

Action                     |  1- 3 |  4- 6 || total
---------------------------+-------+-------++-------
  Melee: Unarmed           |    81 |    23 ||   104
         Tailslap          |    10 |     2 ||    12
Ability: Begin Untransform |     1 |       ||     1
    Use: Scroll            |     1 |       ||     1
         Potion            |       |     1 ||     1
   Stab: Sleeping          |     1 |       ||     1
 Armour: Skin              |    33 |     9 ||    42
  Dodge: Dodged            |    55 |     5 ||    60
  Block: Kite shield       |    16 |     3 ||    19
   Form: Beast             |     1 |       ||     1
